 Dungeon Crawl Stone Soup version 0.28-a0-503-g83f2989fac (webtiles) character file.

Game seed: 9286493375591674368

10090 Zenkrye the Nimble (level 11, -7/86 HPs)
             Began as a Djinni Conjurer on Sept 20, 2021.
             Was a Follower of Makhleb.
             Mangled by an orc warrior (10 damage)
             ... in a bailey.
             The game lasted 00:25:47 (12178 turns).

Zenkrye the Nimble (Djinni Conjurer)               Turns: 12178, Time: 00:25:48

Health: -7/86      AC: 10    Str:  7    XL:     11   Next: 86%
Gold:   599        EV: 16    Int: 22    God:    Makhleb [*.....] SH:  5 Dex: 21

rFire   + + +      SeeInvis .   e - +1 dagger (drain)
rCold   x . .      Faith    .   (no shield)
rNeg    . . .      Spirit   .   c - +2 ring mail {Will+}
rPois   ∞          Reflect  +   w - +0 helmet
rElec   .          Harm     .   q - +0 cloak
rCorr   .          Rampage  .   r - +0 pair of gloves {Dex+3}
Will    ++...                   (boots unavailable)
Stlth   ++........              u - amulet of reflection
HPRegen 0.24/turn               x - +6 ring of dexterity
MPRegen 0.00/turn               f - ring of protection from fire

@: flying
A: sickness immunity, fire resistance 2, cold vulnerability 1, float, innate
caster, hp casting, extra vitality 1
a: Renounce Religion


You were in a bailey.
You worshipped Makhleb.
Makhleb was aware of your devotion.
You visited 2 branches of the dungeon, and saw 10 of its levels.
You also visited: Sewer and Bailey.

You collected 599 gold pieces.

Inventory:

Hand Weapons
 e - a +1 dagger of draining (weapon)
 v - the +6 whip "Qixaod" {vamp, *Rage}
   (You found it on level 4 of the Dungeon)

   It occasionally heals its wielder for a portion of the damage dealt when it
   wounds a living foe.
   *Rage:     It lets you go berserk by making a melee attack (+20% chance).
 C - a +0 falchion of holy wrath
Missiles
 H - 13 sling bullets
 N - 37 bolts
Armour
 a - a +0 robe
 c - a +2 ring mail of willpower (worn)
 h - a +0 buckler
 q - a +0 cloak (worn)
 r - a +0 pair of gloves of dexterity (worn)
 w - a +0 helmet (worn)
 D - a scarf of shadows
 E - a +1 helmet
 J - +0 steam dragon scales
Jewellery
 f - a ring of protection from fire (right hand)
 u - an amulet of reflection (around neck)
 x - a +6 ring of dexterity (left hand)
Wands
 G - a wand of digging (1) {@v1}
 K - a wand of mindburst (11)
 O - a wand of paralysis (2)
 P - a wand of flame (13)
Scrolls
 b - 5 scrolls of enchant weapon
 d - 2 scrolls of holy word
 i - a scroll of identify {@r1}
 m - 2 scrolls of blinking {@r4}
 s - a scroll of immolation
 z - a scroll of brand weapon
 I - a scroll of fear {unknown}
 M - a scroll of enchant armour {unknown}
Potions
 g - 2 potions of cancellation
 j - a potion of berserk rage {unknown}
 k - 3 potions of might {@q4}
 l - 2 potions of invisibility
 n - a potion of heal wounds {unknown}
 o - 2 potions of lignification {unknown}
 p - 2 potions of degeneration {unknown}
 t - 3 potions of brilliance {unknown}
 y - a potion of haste {@q3}
 A - a potion of mutation {unknown}
 B - a potion of magic {unknown}
 F - 2 potions of curing {unknown}
 L - a potion of attraction {unknown}


   Skills:
 + Level 10.4 Fighting
 + Level 11.5 Dodging
 - Level 1.5 Stealth
 + Level 1.0 Shields
 + Level 8.8 Spellcasting


You couldn't memorise any spells.
You knew the following spells:

 Your Spells              Type           Power      Damage    Failure   Level
a - Magic Dart            Conj           100%       1d8       1%          1
b - Searing Ray           Conj           96%        2d7       1%          2
c - Dazzling Flash        Conj/Hex       96%        N/A       1%          3
d - Fulminant Prism       Conj/Hex       24%        3d13      6%          4
e - Summon Small Mammal   Summ           100%       N/A       1%          1
f - Wereblood             Tmut           48%        N/A       1%          2
g - Vampiric Draining     Necr           24%        2d9       1%          3
h - Olgreb's Toxic Radia  Pois           48%        N/A       6%          4
p - Portal Projectile     Hex/Tloc       96%        N/A       1%          3
q - Iskenderun's Mystic   Conj/Tloc      48%        2d11      6%          4
Your spell library was empty.

Dungeon Overview and Level Annotations

Branches:
Dungeon (9/15)             Temple (1/1) D:5            Lair (0/6) D:8
  Sewer (visited)          Bailey (1/1)
    Orc: D:9-12

Altars:
Ashenzari
Cheibriados
Dithmenos
Elyvilon
Gozag
Kikubaaqudgha
Makhleb
Nemelex Xobeh
Okawaru
Qazlal
Ru
Sif Muna
Trog
Uskayaw
Vehumet
Wu Jian
Xom
Yredelemnul
Zin
The Shining One

Shops:
D:1 ?


Innate Abilities, Weirdness & Mutations

You are immune to sickness and miasma.
You are immune to poison.
Your flesh is very heat resistant. (rF++)
You are vulnerable to cold. (rC-)
You float through the air rather than walking.
You learn spells naturally, not from books.
Your magical power is your life essence.
You have superior vitality. (+4 HP)


Message History

Casting: Olgreb's Toxic Radiance (dangerous; 6% risk of failure)
Confirm with . or Enter, or press ? or * to list all spells.
You begin to radiate toxic energy.
The orc warrior shouts!
The orc warrior is poisoned.
* * * LOW HITPOINT WARNING * * *
You kill the orc!
Makhleb accepts your kill.
The orc warrior looks even sicker.
Your toxic aura wanes.
Casting: Olgreb's Toxic Radiance (dangerous; 6% risk of failure)
Confirm with . or Enter, or press ? or * to list all spells.
You erupt in a blast of force!
The mystic blast hits the orc warrior!
The orc warrior is severely wounded.
The orc warrior is knocked back by the mystic blast.
* * * LOW HITPOINT WARNING * * *
You hear a shout!
Casting: Iskenderun's Mystic Blast (dangerous; 6% risk of failure)
Confirm with . or Enter, or press ? or * to list all spells.
You erupt in a blast of force!
The mystic blast hits the orc warrior!
The orc warrior is severely wounded.
The orc warrior is knocked back by the mystic blast.
* * * LOW HITPOINT WARNING * * *
Casting: Iskenderun's Mystic Blast (dangerous; 6% risk of failure)
Confirm with . or Enter, or press ? or * to list all spells.
You erupt in a blast of force!
The mystic blast hits the orc warrior but does no damage.
The orc warrior is severely wounded.
* * * LOW HITPOINT WARNING * * *
The orc warrior looks more healthy.
Your magical contamination has completely faded away.
Casting: Iskenderun's Mystic Blast (dangerous; 6% risk of failure)
Confirm with . or Enter, or press ? or * to list all spells.
You don't have enough health to cast this spell.
Unknown command.
Aiming: Mindburst
Press: ? - help, Shift-Dir - straight line The orc warrior struggles to resist.
The orc warrior misses you.
The orc warrior hits you from afar with a +0 halberd!
You die...

#### ##∩## ####
....##...##....
≈≈≈).#...#..≈≈≈
≈o≈≈.......≈≈o≈
o≈.......≈o
..).)). #o.o#
#.∩.# ##@## ###


You could see 2 orc warriors.

Vanquished Creatures
  A deep elf pyromancer (D:8)
  Maurice (D:8)
  A troll (D:6)
  A hornet (D:9)
  A yak (D:8)
  A wyvern (D:9)
  A steam dragon (D:8)
  Purgy (Sewer)
  9 orc warriors
  A sky beast (D:6)
  A black bear (D:5)
  2 ice beasts (D:5)
  3 ogres
  2 necrophages
  A centaur (D:7)
  A kobold brigand (D:7)
  3 phantoms
  3 bullfrogs
  2 wyvern zombies
  A water moccasin skeleton (D:5)
  6 killer bees (D:8)
  9 wights (D:7)
  A bullfrog zombie (D:5)
  2 centaur zombies
  4 jellies
  2 gnoll shamans
  An orc priest (D:2)
  2 hounds
  2 bullfrog skeletons
  A centaur skeleton (D:5)
  Terence (D:3)
  Natasha (thrice) (D:2)
  3 iguanas
  4 orc wizards
  A howler monkey zombie (D:7)
  Robin (D:3)
  8 adders
  5 gnolls (D:8)
  4 white imps
  3 dart slugs
  33 orcs
  6 ball pythons
  9 bats
  2 endoplasms
  3 giant cockroaches
  10 hobgoblins
  12 kobolds
  A quokka (D:1)
  3 frilled lizards
  17 goblins
  5 rats
201 creatures vanquished.

Vanquished Creatures (others)
  A wizard (D:5)
  20 fulminant prisms
21 creatures vanquished.

Grand Total: 222 creatures vanquished

Notes
Turn   | Place    | Note
-------+----------+-------------------------------------------
     0 | D:1      | Zenkrye the Djinni Conjurer began the quest for the Orb.
     0 | D:1      | Reached XP level 1. HP: 15/15 MP: 0/0
   242 | D:1      | Reached XP level 2. HP: 9/22 MP: 0/0
   609 | D:1      | Reached skill level 1 in Fighting
   913 | D:1      | Reached XP level 3. HP: 26/27 MP: 0/0
   913 | D:1      | Learned a level 1 spell: Summon Small Mammal
   945 | D:1      | Found Saalenab's Magic Scroll Emporium.
  1064 | D:1      | Found a faded altar of an unknown god.
  1294 | D:2      | Reached skill level 3 in Dodging
  1294 | D:2      | Reached XP level 4. HP: 11/33 MP: 0/0
  1801 | D:2      | Noticed Natasha
  1806 | D:2      | Killed Natasha
  1807 | D:2      | Reached XP level 5. HP: 32/38 MP: 0/0
  1807 | D:2      | Learned a level 2 spell: Wereblood
  1857 | D:2      | Noticed Natasha
  1860 | D:2      | Killed Natasha
  2151 | D:2      | Noticed Natasha
  2156 | D:2      | Killed Natasha
  2237 | D:3      | Noticed Terence
  2242 | D:3      | Killed Terence
  2243 | D:3      | Reached skill level 4 in Dodging
  2243 | D:3      | Reached XP level 6. HP: 32/45 MP: 0/0
  2633 | D:3      | Noticed Robin
  2638 | D:3      | Killed Robin
  3624 | D:4      | You are sucked into a shaft and drop 1 floor!
  3624 | D:5      | Entered Level 5 of the Dungeon
  3632 | D:5      | Reached XP level 7. HP: 31/50 MP: 0/0
  3632 | D:5      | Learned a level 3 spell: Portal Projectile
  3802 | D:5      | Reached skill level 5 in Dodging
  3953 | D:5      | Found a stormy altar of Qazlal.
  4021 | D:5      | Found a bloodstained altar of Trog.
  4037 | D:5      | Noticed a wizard
  4043 | D:5      | Killed a wizard
  4096 | D:5      | Found a staircase to the Ecumenical Temple.
  4114 | Temple   | Entered the Ecumenical Temple
  4438 | D:4      | Identified the +6 whip "Qixaod" {vamp, *Rage}
  5233 | D:5      | Reached XP level 8. HP: 48/58 MP: 0/0
  5271 | D:5      | Reached skill level 5 in Spellcasting
  5568 | D:5      | Reached skill level 6 in Dodging
  5796 | D:5      | Reached skill level 5 in Fighting
  5851 | D:5      | Found a glowing silver altar of Zin.
  6521 | D:6      | Found a glowing drain.
  6534 | Sewer    | Entered a sewer
  6546 | Sewer    | Noticed Purgy
  6550 | Sewer    | Killed Purgy
  6988 | D:6      | Reached XP level 9. HP: 58/66 MP: 0/0
  6988 | D:6      | Learned a level 3 spell: Vampiric Draining
  7137 | D:6      | Found a shadowy altar of Dithmenos.
  7144 | D:6      | Noticed a troll
  7156 | D:6      | Killed a troll
  7157 | D:6      | Reached skill level 7 in Dodging
  7804 | D:6      | Found a shimmering altar of Xom.
  8006 | D:7      | Reached skill level 8 in Dodging
  8651 | D:7      | Found a sparkling altar of Nemelex Xobeh.
  9256 | D:7      | Found an iron altar of Okawaru.
  9329 | D:7      | Reached XP level 10. HP: 72/75 MP: 0/0
  9753 | D:8      | Found a glowing golden altar of the Shining One.
  9888 | D:8      | Reached skill level 9 in Dodging
 10061 | D:8      | Noticed a deep elf pyromancer
 10100 | D:8      | Killed a deep elf pyromancer
 10337 | D:8      | Found a burning altar of Makhleb.
 10345 | D:8      | Noticed a cacodemon
 10349 | D:8      | Noticed a smoke demon
 10351 | D:8      | Became a worshipper of Makhleb the Destroyer
 10879 | D:8      | Found a staircase to the Lair.
 11270 | D:8      | Noticed Maurice
 11303 | D:8      | Killed Maurice
 11515 | D:8      | Reached skill level 10 in Fighting
 11515 | D:8      | Reached skill level 11 in Dodging
 11515 | D:8      | Reached XP level 11. HP: 85/85 MP: 0/0
 11515 | D:8      | Learned a level 4 spell: Olgreb's Toxic Radiance
 12073 | D:9      | Found an opulent altar of Gozag.
 12122 | D:9      | Found a flagged portal.
 12134 | Bailey   | Entered a bailey
 12134 | Bailey   | Noticed an orc knight
 12136 | Bailey   | Noticed an orc knight
 12140 | Bailey   | Reached * piety under Makhleb
 12170 | Bailey   | Reached skill level 1 in Shields
 12178 | Bailey   | Mangled by an orc warrior

Illustrated notes

Levels and vault maps discovered:
D:1:      grunt_arrival_crossed_arrows, layout_basic, serial_shops,
          nicolae_lakefront_shop, dreamdust_ecumenical_altar_angels_and_demons
D:2:      minmay_wonky_spiral, layout_rooms, uniq_natasha
D:3:      layout_basic, uniq_terence, uniq_robin
D:4:      layout_loops_corners
D:5:      layout_cave_pods, trog_wizard, zin_treasury, grunt_qazlal_clouds,
          minmay_temple_entry_offerings, amethyst_killhole
D:6:      layout_rooms, tgw_xom, nicolae_dithmenos_shadow_blocks, serial_glass,
          glass_columns_c, glass_columns_b, item_on_display_a, feat_on_display,
          feat_on_display, item_on_display_a, portal_sewer_entry_a,
          dk_noncrumbling_3
D:7:      layout_loops_ring, okawaru_altar_gauntlet_db, amcnicky_altar_gilded,
          hangedman_minor_gate_pass
D:8:      minmay_angry_zag, layout_loops_corners, makhleb_altar_promises_db,
          mainiacjoe_overflow_boulevard, dpeg_oklobed_lair, uniq_maurice
D:9:      layout_loops_cross, nicolae_gozag_cash_rules_everything_around_me,
          gammafunk_temple_overflow_elements, enter_bailey_3
Temple:   dpeg_chambers_temple
Bailey:   bailey_polearm_4, bailey

Skill      XL: |  1  2  3  4  5  6  7  8  9 10 11 |
---------------+----------------------------------+-----
Fighting       | 1 2 3 4 5 7 10 | 10.4
Dodging        | 3 4 5 6 8 11 | 11.5
Spellcasting   | 4 5 6 8 |  8.8
Shields        | 1 |  1.0
Stealth        | |  1.5

Action                   |  1- 3 |  4- 6 |  7- 9 | 10-12 || total
-------------------------+-------+-------+-------+-------++-------
 Cast: Magic Dart        |    38 |    59 |    96 |    20 ||   213
       Searing Ray       |     5 |    20 |    62 |    15 ||   102
       Iskenderun's Myst |       |     1 |    30 |    33 ||    64
       Fulminant Prism   |       |       |     1 |    19 ||    20
       Olgreb's Toxic Ra |       |       |       |    10 ||    10
Evoke: Wand              |       |       |       |     1 ||     1
  Use: Scroll            |     6 |     4 |     5 |     1 ||    16
       Potion            |       |       |       |     1 ||     1
Armor: Robe              |       |     2 |     9 |     1 ||    12
       Ring mail         |       |       |       |     5 ||     5
Dodge: Dodged            |     3 |     6 |    24 |    11 ||    44
Block: Other             |       |       |     8 |     3 ||    11
       Reflection        |       |       |     1 |       ||     1

Table legend: (Time is in decaauts)
 A = Elapsed time spent in this place.
 B = Non-inter-level travel time spent in this place.
 C = Inter-level travel time spent in this place.
 D = Time resting spent in this place.
 E = Time spent auto-exploring this place.
 F = Levels seen in this place.
 G = Mean time per level.
                   A        B        C        D        E       F      G
               +--------+--------+--------+--------+--------+-----+--------+
         Total |  12185 |  11901 |    284 |    996 |   9648 |  12 | 1015.4 |
       Dungeon |  11704 |  11429 |    275 |    987 |   9263 |   9 | 1300.4 |
        Temple |    216 |    207 |      9 |      0 |    198 |   1 |  216.0 |
         Sewer |    220 |    220 |      0 |      0 |    187 |   1 |  220.0 |
        Bailey |     43 |     43 |      0 |      9 |      0 |   1 |   43.0 |
               +--------+--------+--------+--------+--------+-----+--------+

Top non-repeatable levels by time:
     D:5: 2210 daAuts
     D:8: 1970 daAuts
     D:7: 1438 daAuts
     D:6: 1419 daAuts
     D:1: 1191 daAuts
     D:2: 1052 daAuts
     D:4: 1019 daAuts
     D:3: 833 daAuts
     D:9: 567 daAuts
   Sewer: 220 daAuts
  Temple: 216 daAuts
  Bailey: 43 daAuts
